 Dungeon Crawl Stone Soup version 0.21.1-1-g345015fe64 (webtiles) character file.

1523 imba613 the Cleaver (level 8, 0/71 HPs)
             Began as a Minotaur Fighter on Apr 22, 2018.
             Was an Elder of Zin.
             Slain by asdpro's ghost (8 damage)
             ... on level 7 of the Dungeon.
             The game lasted 00:38:42 (5173 turns).

imba613 the Cleaver (Minotaur Fighter)              Turns: 5173, Time: 00:38:43

Health: 0/71       AC: 12    Str: 23    XL:     8   Next: 54%
Magic:  7/7        EV:  5    Int: 15    God:    Zin [****..]
Gold:   351        SH: 10    Dex: 10    Spells: 7/7 levels left

rFire    . . .     SeeInvis .   a - +0 war axe
rCold    . . .     Gourm    .   c - +0 shield
rNeg     . . .     Faith    .   v - +0 plate armour
rPois    +         Spirit   .   (helmet restricted)
rElec    .         Reflect  .   (no cloak)
rCorr    .         Harm     .   (no gloves)
MR       .....                  (no boots)
Stlth    ..........             (no amulet)
HPRegen  0.21/turn              j - +5 ring of intelligence
MPRegen  0.10/turn              o - ring of poison resistance

@: brilliant
A: retaliatory headbutt, horns 2
a: Recite, Vitalisation, Imprison, Donate Gold, Renounce Religion


You were on level 7 of the Dungeon.
You worshipped Zin.
Zin was greatly pleased with you.
You were not hungry.

You visited 2 branches of the dungeon, and saw 8 of its levels.
You also visited: Ossuary.

You collected 390 gold pieces.
You donated 39 gold pieces to Zin.

Inventory:

Hand Weapons
 a - a +0 war axe (weapon)
Armour
 c - a +0 shield (worn)
 l - a +1 chain mail of magic resistance
 v - a +0 plate armour (worn)
Jewellery
 h - an uncursed ring of magical power
 j - a +5 ring of intelligence (left hand)
 k - an uncursed ring of teleportation
 o - a ring of poison resistance (right hand)
Wands
 b - a wand of disintegration (10)
Scrolls
 g - 2 scrolls of fog {unknown}
 m - 5 scrolls of identify
 n - 7 scrolls of remove curse
 q - a scroll of immolation {unknown}
 t - a scroll of random uselessness {unknown}
 w - 2 scrolls of teleportation
 x - a scroll of blinking {unknown}
 y - 3 scrolls of enchant weapon {unknown}
 A - a scroll of amnesia {unknown}
Potions
 d - a potion of magic {unknown}
 e - 3 potions of curing {unknown}
 i - 7 potions of lignification {unknown}
 r - a potion of brilliance
 s - 3 potions of flight {unknown}
 u - a potion of mutation {unknown}
 z - 2 potions of degeneration {unknown}
 B - a potion of invisibility {unknown}
Comestibles
 f - 6 rations


   Skills:
 + Level 6.5 Fighting
 + Level 9.3 Axes
 + Level 6.0 Armour
 + Level 1.8 Dodging
 + Level 0.2 Stealth
 + Level 6.2 Shields


You had 7 spell levels left.
You didn't know any spells.

Dungeon Overview and Level Annotations

Branches:
Dungeon (7/15)             Temple (1/1) D:4

Altars:
Ashenzari
Cheibriados
Elyvilon
Fedhas
Gozag
Hepliaklqana
Kikubaaqudgha
Makhleb
Okawaru
Qazlal
Ru
Trog
Vehumet
Wu Jian
Xom
Yredelemnul
Zin
The Shining One

Annotations:
D:7 asdpro's ghost, novice MiFi


Innate Abilities, Weirdness & Mutations

You reflexively headbutt those who attack you in melee.
You have a pair of horns on your head.


Message History

You hit asdpro's ghost but do no damage.
Asdpro's ghost is heavily damaged.
Asdpro's ghost screams, "You must not succeed where I failed!"
Asdpro's ghost hits you!
* * * LOW HITPOINT WARNING * * *
You hit asdpro's ghost. You headbutt asdpro's ghost.
Asdpro's ghost is heavily damaged.
Asdpro's ghost hits you.
* * * LOW HITPOINT WARNING * * *
You slash asdpro's ghost! Your headbutt misses asdpro's ghost.
Asdpro's ghost is severely damaged.
You hit the orc. Asdpro's ghost hits you! Zin protects you from harm!
You block the orc's attack.
Your shield and plate armour prevent you from hitting asdpro's ghost.
Asdpro's ghost is severely damaged.
You hit the orc.
You kill the orc!
You block asdpro's ghost's attack. Asdpro's ghost hits you!
You die...

#..... #.....# .
#.....####### ..
#.....#......
...#########............
..............#....<....
..............#.........
#####
......).......+......##.
....# ..##)@W.....#..†...#8.
....#
.#8...8#####....#......##.
....##..##.W.#
##....#......##.
........##...#
#............##.
........##..!##
#.........####8. ..# #8...8#
#.........# ##. #)###
####...########W.....# #.
#.#8###8##...##8###8#......#
##.
#............†W............#
#8.


You could see asdpro's ghost.

Vanquished Creatures
  2 ice beasts (D:5)
  2 ogres
  2 phantoms
  An elf zombie (Ossuary)
  A bullfrog (D:7)
  A scorpion (D:4)
  3 howler monkeys
  A centaur zombie (Ossuary)
  A bullfrog zombie (D:5)
  2 jellies (D:7)
  Terence (D:2)
  Ijyb (D:3)
  3 iguanas
  4 worker ants
  3 big kobold zombies (Ossuary)
  2 mummies (Ossuary)
  A worker ant zombie (D:6)
  8 adders
  A shadow imp (D:5)
  An adder zombie (Ossuary)
  2 oozes
  3 worms
  4 dart slugs
  A leopard gecko (D:1)
  9 orcs
  3 ball pythons
  9 bats
  10 giant cockroaches
  8 goblins
  9 hobgoblins
  10 jackals
  2 kobolds (D:1)
  9 quokkas
  5 frilled lizards
  10 hobgoblin zombies (Ossuary)
  2 jackal zombies (Ossuary)
  8 kobold zombies (Ossuary)
  A leopard gecko zombie (D:5)
  8 orc zombies (Ossuary)
  7 rats
  3 rat zombies (Ossuary)
  2 bushes (D:3)
  A fungus (D:1)
167 creatures vanquished.

Notes
Turn   | Place    | Note
-------+----------+-------------------------------------------
     0 | D:1      | imba613 the Minotaur Fighter began the quest for the Orb.
     0 | D:1      | Reached XP level 1. HP: 19/19 MP: 0/0
    85 | D:1      | Reached XP level 2. HP: 26/27 MP: 1/1
   499 | D:1      | Reached XP level 3. HP: 33/33 MP: 2/2
   619 | D:1      | Reached skill level 3 in Axes
   754 | D:2      | Found an ancient bone altar of Kikubaaqudgha.
   802 | D:2      | Found a burning altar of Makhleb.
   804 | D:2      | Found a shimmering altar of Xom.
   904 | D:2      | Reached XP level 4. HP: 21/40 MP: 3/3
  1251 | D:2      | Noticed Terence
  1258 | D:2      | Killed Terence
  1569 | D:3      | Reached skill level 1 in Dodging
  1590 | D:3      | Reached skill level 4 in Axes
  1644 | D:3      | Reached XP level 5. HP: 45/47 MP: 4/4
  1736 | D:3      | Noticed Ijyb
  1743 | D:3      | Killed Ijyb
  1867 | D:3      | Found a glowing golden altar of the Shining One.
  1870 | D:3      | Found an opulent altar of Gozag.
  1908 | D:3      | Found a hazy altar of Hepliaklqana.
  2302 | D:4      | Found a staircase to the Ecumenical Temple.
  2317 | D:4      | Reached skill level 5 in Axes
  2317 | D:4      | Reached skill level 5 in Shields
  2317 | D:4      | Reached XP level 6. HP: 52/55 MP: 5/5
  2336 | Temple   | Entered the Ecumenical Temple
  2459 | Temple   | Became a worshipper of Zin the Law-Giver
  2459 | Temple   | Reached * piety under Zin
  2592 | D:4      | Reached skill level 5 in Fighting
  2900 | D:4      | Reached skill level 6 in Axes
  2900 | D:4      | Reached XP level 7. HP: 55/61 MP: 6/6
  3034 | D:5      | Entered Level 5 of the Dungeon
  3093 | D:5      | Reached ** piety under Zin
  3150 | D:5      | Found a snail-covered altar of Cheibriados.
  3226 | D:5      | Reached skill level 7 in Axes
  3268 | D:5      | Reached skill level 5 in Armour
  3308 | D:5      | Found a shattered altar of Ashenzari.
  3495 | D:5      | Got a scorched ring mail
  4146 | D:6      | Found a sand-covered staircase.
  4157 | Ossuary  | Entered an ossuary
  4226 | Ossuary  | Reached *** piety under Zin
  4297 | Ossuary  | Reached skill level 8 in Axes
  4300 | Ossuary  | Reached XP level 8. HP: 52/70 MP: 7/7
  4372 | Ossuary  | Reached **** piety under Zin
  5088 | D:7      | Reached skill level 9 in Axes
  5130 | D:7      | Noticed asdpro's ghost (novice MiFi)
  5172 | D:7      | Zin protects you from harm!
  5173 | D:7      | Slain by asdpro's ghost

Skill      XL: |  1  2  3  4  5  6  7  8 |
---------------+-------------------------+-----
Shields        | 4 5 6 |  6.2
Armour         | 4 5 6 |  6.0
Fighting       | 4 5 6 |  6.5
Axes           | 3 4 5 6 8 9 |  9.3
Dodging        | 1 |  1.8
Stealth        | |  0.2

Action                   |  1- 3 |  4- 6 |  7- 9 || total
-------------------------+-------+-------+-------++-------
Melee: War axe           |   103 |   200 |   225 ||   528
       Headbutt          |    16 |    52 |    44 ||   112
  Use: Scroll            |     1 |     5 |       ||     6
       Potion            |       |       |     3 ||     3
  Eat: Ration            |       |     2 |     2 ||     4
       Chunk             |       |     2 |       ||     2
Armor: Scale mail        |    37 |     9 |       ||    46
       Chain mail        |       |    45 |     1 ||    46
       Plate armour      |       |       |    72 ||    72
Dodge: Dodged            |    22 |    36 |    37 ||    95
Block: Shield            |    46 |    72 |    82 ||   200
